 Dungeon Crawl Stone Soup version 0.27-a0-732-ga892ba84f6 (webtiles) character file.

Game seed: 3074866165336679432

5912 rjrrt the Cleaver (level 10, -7/111 HPs)
             Began as a Demonspawn Berserker on Mar 23, 2021.
             Was a High Priest of Trog.
             Mangled by a yak (11 damage)
             ... on level 10 of the Dungeon.
             The game lasted 00:19:32 (11681 turns).

rjrrt the Cleaver (Demonspawn Berserker)           Turns: 11681, Time: 00:19:32

Health: -7/111     AC: 11    Str: 21    XL:     10   Next: 53%
Magic:  10/10      EV: 11    Int:  9    God:    Trog [*****.]
Gold:   377        SH:  0    Dex: 12    Spells: 9/9 levels left

rFire    . . .     SeeInvis +   x - +2 hand axe (venom)
rCold    . . .     Faith    .   (no shield)
rNeg     . . .     Spirit   .   u - +0 acid dragon scales
rPois    .         Reflect  .   (helmet restricted)
rElec    .         Harm     .   C - +2 cloak
rCorr    +         Rampage  .   l - +0 pair of gloves
Will     +....                  (no boots)
Stlth    ..........             (no amulet)
HPRegen  0.28/turn              F - ring of see invisible
MPRegen  0.12/turn              H - ring of willpower

@: berserking (expiring), very quick
A: antennae 1, claws 2, hooves 2, foul stench 1
a: Renounce Religion, Berserk, Trog's Hand, Brothers in Arms


You were on level 10 of the Dungeon.
You worshipped Trog.
Trog was extremely pleased with you.
You visited 1 branch of the dungeon, and saw 10 of its levels.

You collected 577 gold pieces.
You spent 200 gold pieces at shops.

Inventory:

Hand Weapons
 a - a +1 hand axe of draining
 j - a +2 vorpal morningstar
 q - a +0 spear
 x - a +2 hand axe of venom (weapon)
 I - a +1 battleaxe
 J - a +2 vorpal battleaxe
Missiles
 k - 20 poisoned darts (quivered)
 L - 4 curare-tipped darts
Armour
 l - a +0 pair of gloves (worn)
 u - +0 acid dragon scales (worn)
 C - a +2 cloak (worn)
Jewellery
 n - a ring of flight
 F - a ring of see invisible (right hand)
 H - a ring of willpower (left hand)
 K - a ring of poison resistance
Wands
 i - a wand of paralysis (10)
 o - a wand of random effects (24)
 w - a wand of polymorph (14)
 y - a wand of digging (5)
 M - a wand of flame (17)
Scrolls
 c - 4 scrolls of teleportation
 h - a scroll of random uselessness {unknown}
 p - a scroll of vulnerability {unknown}
 r - a scroll of brand weapon {unknown}
 s - 2 scrolls of blinking
 t - a scroll of fog
 v - 5 scrolls of magic mapping
 D - a scroll of enchant armour {unknown}
Potions
 b - 6 potions of curing
 d - 2 potions of flight
 e - a potion of brilliance {unknown}
 f - a potion of ambrosia
 g - a potion of attraction
 m - a potion of heal wounds {unknown}
 z - 2 potions of cancellation {unknown}
 B - 2 potions of lignification
 E - 4 potions of haste
 G - a potion of resistance {unknown}


   Skills:
 + Level 5.4 Fighting
 * Level 13.1 Axes
 + Level 4.5 Armour
 - Level 1.7 Dodging


You had 9 spell levels left.
You didn't know any spells.
Your spell library was empty.

Dungeon Overview and Level Annotations

Branches:
Dungeon (10/15)            Temple (0/1) D:4            Lair (0/6) D:9
    Orc: D:9-12

Altars:
Cheibriados
Hepliaklqana
Kikubaaqudgha
Makhleb
Qazlal
Uskayaw

Shops:
D:3 (   D:6 **[=[

Annotations:
D:10 Grum


Innate Abilities, Weirdness & Mutations

You have a pair of small antennae on your head.
You have very sharp fingernails.
You have hoof-like feet.
You may rarely emit foul miasma when damaged in melee.


Message History

Trog accepts your kill. Grum closely misses you.
Unknown command.
You hit the wolf but do no damage.
The wolf is poisoned.
Unknown command.
You slash the wolf!
The wolf looks as sick as possible!
Your kick misses the wolf.
The wolf is almost dead.
The wolf closely misses you.
Grum hits you from afar with a +1 glaive!
* * * LOW HITPOINT WARNING * * *
Unknown command.
You hit the wolf.
You kill the wolf!
Trog accepts your kill.
You slash the yak!
The yak is poisoned.
You kick the yak!
The yak is heavily wounded.
Grum drinks a potion.
Grum seems to speed up.
Unknown command.
You barely miss the yak. You kick the yak.
The yak is severely wounded.
Grum completely misses you.
Unknown command.
You completely miss the yak. Your kick misses the yak.
The yak is severely wounded.
Unknown command.
You barely miss the yak. You kick the yak.
The yak is lightly wounded.
You slash the yak!
The yak looks as sick as possible!
Grum hits you from afar with a +1 glaive.
* * * LOW HITPOINT WARNING * * *
The yak misses you.
Unknown command.
You hit the yak.
The yak is poisoned.
You kick the yak!
The yak is severely wounded.
You hit the yak.
You kill the yak!
Trog accepts your kill. The yak gores you!
You die...

.............
#...........
#........... ##+#
#...##########..#
+...'...........##
#...#............#
#...#...>........#
#...#............# .
#...#..........@.# ...
#...###########Y##h....
#..............Yg......
#......................
#......................
#...............######.
#...............#
##..............##
........#+#####.


You could see Grum (fast) and 2 yaks.

Vanquished Creatures
  Pikel (D:9)
  An elephant (D:9)
  Maggie (D:9)
  Prince Ribbit (D:9)
  4 yaks
  2 black bears (D:9)
  An orc warrior (D:7)
  3 sky beasts
  A necrophage (D:5)
  An ice beast (D:8)
  2 wolves (D:10)
  A hornet zombie (D:5)
  3 centaurs
  4 ogres
  A lemure (D:9)
  2 phantoms
  A kobold brigand (D:8)
  5 bullfrogs
  3 scorpions
  8 killer bees (D:9)
  3 wights (D:8)
  5 electric eels (D:5)
  2 quasits
  2 hounds
  2 jellies
  A bullfrog zombie (D:6)
  A bullfrog skeleton (D:5)
  A centaur skeleton (D:4)
  5 orc priests
  2 gnoll shamans
  4 iguanas
  9 orc wizards
  4 worker ants
  A hound zombie (D:6)
  Robin (D:2)
  A howler monkey skeleton (D:5)
  8 adders
  8 gnolls
  A shadow imp (D:7)
  2 white imps
  2 ufetubi (D:5)
  2 adder zombies
  An adder skeleton (D:5)
  5 worms
  A dart slug (D:4)
  38 orcs
  11 ball pythons
  4 bats
  3 giant cockroaches
  11 hobgoblins
  22 jackals
  14 kobolds
  9 oozes
  10 quokkas
  7 frilled lizards
  18 goblins
  A jackal skeleton (D:5)
  A jackal zombie (D:8)
  4 rats
273 creatures vanquished.

Vanquished Creatures (others)
  5 plants
5 creatures vanquished.

Grand Total: 278 creatures vanquished

Notes
Turn   | Place    | Note
-------+----------+-------------------------------------------
     0 | D:1      | rjrrt the Demonspawn Berserker began the quest for the Orb.
     0 | D:1      | Reached XP level 1. HP: 18/18 MP: 1/1
   258 | D:1      | Reached skill level 3 in Axes
   265 | D:1      | Gained mutation: You have sharp fingernails. [demonic
                  | ancestry]
   265 | D:1      | Reached XP level 2. HP: 24/24 MP: 2/2
   694 | D:1      | Reached ** piety under Trog
   740 | D:1      | Gained mutation: You have very sharp fingernails. [demonic
                  | ancestry]
   740 | D:1      | Reached XP level 3. HP: 29/29 MP: 3/3
   947 | D:2      | Reached skill level 4 in Axes
  1470 | D:2      | Reached XP level 4. HP: 34/35 MP: 4/4
  1687 | D:2      | Found an ancient bone altar of Kikubaaqudgha.
  2026 | D:2      | Noticed Robin
  2060 | D:2      | Killed Robin
  2061 | D:2      | Reached skill level 5 in Axes
  2331 | D:2      | Found a burning altar of Makhleb.
  2350 | D:2      | Gained mutation: You have large cloven feet. [demonic
                  | ancestry]
  2350 | D:2      | Reached XP level 5. HP: 33/41 MP: 5/5
  2734 | D:3      | Reached *** piety under Trog
  3140 | D:3      | Found Bumn's Antique Weapon Boutique.
  3260 | D:4      | Reached skill level 6 in Axes
  3274 | D:4      | Reached XP level 6. HP: 25/45 MP: 6/6
  4078 | D:4      | Found a staircase to the Ecumenical Temple.
  4505 | D:5      | Entered Level 5 of the Dungeon
  4507 | D:5      | Found an ancient bone altar of Kikubaaqudgha.
  4698 | D:5      | Found a stormy altar of Qazlal.
  4706 | D:5      | Reached **** piety under Trog
  4707 | D:5      | Reached skill level 7 in Axes
  4716 | D:5      | Reached XP level 7. HP: 41/52 MP: 7/7
  5132 | D:5      | Reached skill level 8 in Axes
  6184 | D:6      | Reached skill level 9 in Axes
  6184 | D:6      | Gained mutation: You have hoof-like feet. [demonic
                  | ancestry]
  6184 | D:6      | Reached XP level 8. HP: 58/58 MP: 8/8
  6360 | D:6      | Found a hazy altar of Hepliaklqana.
  6449 | D:6      | Found Apavosh's Armour Shop.
  6468 | D:6      | Found Uprufino's Armour Shoppe.
  6590 | D:6      | Found Buodih's Jewellery Shop.
  6723 | D:6      | Found Qicerewn's General Store.
  6726 | D:6      | Bought a scroll of teleportation for 36 gold pieces
  6726 | D:6      | Bought a potion of degeneration for 12 gold pieces
  6726 | D:6      | Bought a scroll of magic mapping for 42 gold pieces
  6878 | D:6      | Found Cuyce's General Store.
  6888 | D:6      | Bought a potion of haste for 110 gold pieces
  7300 | D:5      | Identified the +3 short sword of Duok {vamp, +Fly rF+
                  | Will+}
  7372 | D:5      | Reached skill level 10 in Axes
  7544 | D:5      | Found a hide-covered altar of Uskayaw.
  8446 | D:8      | Reached ***** piety under Trog
  8447 | D:8      | Reached skill level 11 in Axes
  8447 | D:8      | Gained mutation: You have a pair of small antennae on your
                  | head. [demonic ancestry]
  8447 | D:8      | Reached XP level 9. HP: 52/63 MP: 9/9
  9213 | D:8      | Received a gift from Trog
  9343 | D:8      | Reached skill level 12 in Axes
  9526 | D:8      | Found a snail-covered altar of Cheibriados.
  9661 | D:9      | Noticed Pikel
  9671 | D:9      | Killed Pikel
 10023 | D:9      | Noticed Maggie
 10035 | D:9      | Killed Maggie
 10276 | D:9      | Noticed an elephant
 10295 | D:9      | Gained mutation: You may rarely emit foul miasma when
                  | damaged in melee. [demonic ancestry]
 10295 | D:9      | Reached XP level 10. HP: 39/72 MP: 10/10
 10464 | D:9      | Found a staircase to the Lair.
 10478 | D:9      | Killed an elephant
 10598 | D:9      | Noticed Prince Ribbit
 10607 | D:9      | Killed Prince Ribbit
 10949 | D:9      | Reached skill level 5 in Fighting
 11542 | D:9      | Reached skill level 13 in Axes
 11544 | D:10     | Entered Level 10 of the Dungeon
 11660 | D:10     | Noticed Grum
 11675 | D:10     | HP: 4/111 [Grum/+1 glaive (11)]
 11680 | D:10     | HP: 4/111 [Grum/+1 glaive (1)]
 11681 | D:10     | Mangled by a yak

Illustrated notes

Levels and vault maps discovered:
D:1:      dpeg_arrival_connections, layout_rooms, minmay_pentomino_u2
D:2:      minmay_general_purpose_star, layout_basic, makhleb_heckhound_becter,
          lemuel_tele_altar, uniq_robin
D:3:      layout_rooms, serial_shops, shop_statue
D:4:      layout_loops_corners, minmay_temple_entry_drinking_statues
D:5:      cheibrodos_two_vegetables, layout_loops_cross, old_standard_altar,
          kennysheep_little_box, basic_altar
D:6:      layout_cave_pods, lemuel_crystal_altar, serial_shops, shop, shop,
          kennysheep_mini, nicolae_shop_stone, shop
D:7:      layout_cave_pools
D:8:      layout_loops_ring, cheibrodos_worm_habitat
D:9:      layout_gridville, david_lair_generic, eino_jars, uniq_maggie,
          uniq_prince_ribbit1, uniq_pikel
D:10:     layout_irregular_city, st_stairs_12, uniq_erolcha, uniq_grum

Skill      XL: |  1  2  3  4  5  6  7  8  9 10 |
---------------+-------------------------------+-----
Axes           | 3 4 5 6 7 9 11 12 13 | 13.1
Armour         | 3 4 |  4.5
Fighting       | 4 5 |  5.4
Dodging        | |  1.7

Action                   |  1- 3 |  4- 6 |  7- 9 | 10-12 || total
-------------------------+-------+-------+-------+-------++-------
Melee: Hand axe          |   126 |   252 |   343 |    93 ||   814
       Kick              |       |    34 |   108 |    26 ||   168
Throw: Dart              |       |       |     4 |       ||     4
Invok: Berserk           |     2 |     2 |     5 |     2 ||    11
       Trog's Hand       |       |     1 |       |       ||     1
Evoke: Wand              |       |       |    15 |       ||    15
  Use: Scroll            |       |     3 |     5 |       ||     8
Armor: Plate armour      |    96 |   170 |   176 |       ||   442
       Animal skin       |     1 |       |       |       ||     1
       Acid dragon scale |       |       |    10 |    38 ||    48
Dodge: Dodged            |    41 |    80 |    85 |    60 ||   266

Table legend: (Time is in decaauts)
 A = Elapsed time spent in this place.
 B = Non-inter-level travel time spent in this place.
 C = Inter-level travel time spent in this place.
 D = Time resting spent in this place.
 E = Time spent auto-exploring this place.
 F = Levels seen in this place.
 G = Mean time per level.
                   A        B        C        D        E       F      G
               +--------+--------+--------+--------+--------+-----+--------+
         Total |  11703 |  11321 |    382 |   2688 |   6777 |  10 | 1170.3 |
       Dungeon |  11703 |  11321 |    382 |   2688 |   6777 |  10 | 1170.3 |
               +--------+--------+--------+--------+--------+-----+--------+

Top non-repeatable levels by time:
     D:5: 2055 daAuts
     D:9: 1885 daAuts
     D:2: 1645 daAuts
     D:4: 1416 daAuts
     D:8: 1189 daAuts
     D:6: 1046 daAuts
     D:1: 962 daAuts
     D:7: 714 daAuts
     D:3: 665 daAuts
    D:10: 121 daAuts
